 Dungeon Crawl Stone Soup version 0.31-a0-232-gb1c03b2570 (webtiles) character file.

Game seed: 5579134113494785965

94 qw the Shooter (level 4, -7/26 HPs)
             Began as a Gargoyle Hexslinger on July 7, 2023.
             Killed from afar by an orc wizard (8 damage)
             ... with a puff of flame
             ... on level 3 of the Dungeon.
             The game lasted 00:00:48 (1404 turns).

qw the Shooter (Gargoyle Hexslinger)                Turns: 1404, Time: 00:00:48

Health: -7/26      AC:  8    Str: 12    XL:     4   Next: 63%
Magic:  5/5        EV: 10    Int: 13    God:
Gold:   88         SH:  0    Dex: 14    Spells: 4/5 levels left

rFire   . . .        Y - +1 sling
rCold   . . .        (no shield)
rNeg    + + .        e - +0 ring mail
rPois   inf          (no helmet)
rElec   +            (no cloak)
rCorr   .            (no gloves)
SInv    .            (no boots)
Will    .....        (no amulet) Stlth
                     h - ring of positive energy
HPRegen 0.24/turn    (no ring)
MPRegen 0.09/turn

%: no passive effects
@: confused
A: sickness immunity, AC +3, negative energy resistance 1, electricity
resistance, torment resistance 1, petrification resistance
a: no special abilities


You were on level 3 of the Dungeon.
You visited 1 branch of the dungeon, and saw 3 of its levels.

You collected 88 gold pieces.


Innate Abilities, Weirdness & Mutations

You are immune to sickness and miasma.
Your stone body is resilient. (AC +3)
You are immune to poison.
You resist negative energy. (rN+)
You are resistant to electric shocks. (rElec)
You are resistant to unholy torment.
You are immune to petrification.


   Skills:
 - Level 2.1 Fighting
 + Level 4.0 Ranged Weapons
 - Level 1.3 Armour
 - Level 1.5 Dodging
 - Level 1.0 Spellcasting
 - Level 2.6 Hexes


You had 4 spell levels left.
You knew the following spells:

 Your Spells              Type           Power      Damage    Failure   Level
a - Slow                  Hex            28%        N/A       21%         1

Your spell library contained the following spells:

 Spells                   Type           Power      Damage    Failure   Level
 Inner Flame              Hex/Fire       4%         N/A       71%         3
 Portal Projectile        Hex/Tloc       8%         N/A       71%         3
 Cause Fear               Hex            3%         N/A       90%         4

Inventory:

Hand Weapons
 Y - a +1 sling (weapon)
Armour
 e - a +0 ring mail (worn)
Jewellery
 h - a ring of positive energy (left hand)
Potions
 a - a potion of curing {unknown}
 b - a potion of might
 c - a potion of enlightenment {unknown}
 f - a potion of magic {unknown}
 g - a potion of brilliance {unknown}
 i - a potion of berserk rage {unknown}

Dungeon Overview and Level Annotations

Branches:
Dungeon (3/15)

Altars:
Kikubaaqudgha

Annotations:
D:1 1 transporter


Message History

You shoot a sling bullet. Something hits you but does no damage.
You shoot a sling bullet.
Something hits you but does no damage. x2
You shoot a sling bullet.
You feel less confused. Something hits you.
You shoot a sling bullet. Something hits you but does no damage.
You shoot a sling bullet.
Something hits you but does no damage. x2
You shoot a sling bullet. Something hits you.
You shoot a sling bullet.
You hear some strange, mumbled words.
A magic dart appears from out of thin air!
The magic dart hits you.
You shoot a sling bullet.
You hear some strange, mumbled words.
Something tries to affect you, but you resist.
Something hits you but does no damage.
You shoot a sling bullet.
You hear some strange, mumbled words.
You are confused.
You shoot a sling bullet. Something hits you but does no damage.
You shoot a sling bullet. Something hits you.
You hear some strange, mumbled words.
A puff of flame appears from out of thin air!
The puff of flame hits you.
You shoot a sling bullet. Something hits you.
You shoot a sling bullet. Something hits you but does no damage.
You shoot a sling bullet.
You hear some strange, mumbled words.
A puff of flame appears from out of thin air!
The puff of flame hits you!
You die...

####...#>#.#........
##.###..#.####### #.
#..#.# #. #..#.# #.
#..#.#####
#........#
#.##.###.# #.##.#
###@##.# #.{)##.#
#)####.# #.# #.. #.#
### #K# #o# #o# #.#


There were no monsters in sight!

Vanquished Creatures
  4 adders
  A worm (D:2)
  5 dart slugs
  2 orcs (D:3)
  4 endoplasms
  3 giant cockroaches
  A goblin (D:1)
  7 hobgoblins
  2 jackals (D:1)
  A quokka (D:2)
  2 ball pythons
  4 bats
  2 frilled lizards (D:1)
  4 kobolds
  A rat (D:1)
43 creatures vanquished.

Notes
Turn   | Place    | Note
-------+----------+-------------------------------------------
     0 | D:1      | qw the Gargoyle Hexslinger began the quest for the Orb.
     0 | D:1      | Reached XP level 1. HP: 12/12 MP: 2/2
     0 | D:1      | 0 ||| qw: Version: 0.3-a-46-gb1f654a
     0 | D:1      | 0 ||| qw: Game counter: 2618
     0 | D:1      | 0 ||| qw: Melee chars always use a shield: true
     0 | D:1      | 0 ||| qw: God list: Okawaru
     0 | D:1      | 0 ||| qw: Allow faded altars: false
     0 | D:1      | 0 ||| qw: Do Orc after clearing Dungeon:15 true
     0 | D:1      | 0 ||| qw: Do second Lair branch before Depths: true
     0 | D:1      | 0 ||| qw: Lair rune preference: random
     0 | D:1      | 0 ||| qw: Goals: Normal
     0 | D:1      | 0 ||| PLANNING D:1-11
    61 | D:1      | Reached XP level 2. HP: 16/16 MP: 3/3
   151 | D:1      | Reached skill level 3 in Ranged Weapons
   269 | D:1      | Reached XP level 3. HP: 21/21 MP: 4/4
   507 | D:1      | 507 ||| UPGRADING to +0 ring mail.
   517 | D:1      | 517 ||| DROPPING +0 robe.
   518 | D:1      | 518 ||| UPGRADING to ring of positive energy.
   519 | D:1      | 519 ||| READING scroll labelled VEASARIESH.
   520 | D:1      | 520 ||| READING scroll labelled PUCEIDOIDE.
   532 | D:1      | 532 ||| READING scroll labelled ZULAGU ZETSI.
   533 | D:1      | 533 ||| DROPPING scroll of poison.
   556 | D:2      | 556 ||| STAIRDANCE
   814 | D:2      | Found an ancient bone altar of Kikubaaqudgha.
   847 | D:2      | Reached XP level 4. HP: 26/26 MP: 5/5
   908 | D:2      | Reached skill level 4 in Ranged Weapons
  1286 | D:2      | Reached skill level 1 in Armour
  1302 | D:2      | 1302 ||| READING scroll labelled WEZOAL CANIE.
  1303 | D:2      | 1303 ||| DRINKING 2 cyan potions.
  1364 | D:3      | 1364 ||| FLEEEEING.
  1368 | D:3      | 1368 ||| FLEEEEING.
  1369 | D:3      | 1369 ||| FLEEEEING.
  1370 | D:3      | 1370 ||| FLEEEEING.
  1374 | D:3      | 1374 ||| Stepping ~*~*~tactically~*~*~ (outnumbered).
  1401 | D:3      | HP: 6/26 [something (4)]
  1402 | D:3      | HP: 1/26 [something (3)]
  1404 | D:3      | Killed from afar by an orc wizard

Levels and vault maps discovered:
D:1:      spicycebolla_arrival_risky_transporter, layout_rooms
D:2:      layout_loops_ring, basic_altar, chequers_serial_rivers_micro_c
D:3:      layout_loops_ring, jmf_multi_god_temple2, minmay_misc_feat_tower,
          roderic_lattice_a, minmay_fountain_box, uniq_jessica

Skill      XL: |  1  2  3  4 |
---------------+-------------+-----
Ranged Weapons | 3 4 |  4.0
Fighting       | 2 |  2.1
Armour         | 1 |  1.3
Dodging        | |  1.5
Spellcasting   | |  1.0
Hexes          | |  2.6

Action                     |  1- 3 |  4- 6 || total
---------------------------+-------+-------++-------
   Fire: Sling             |   123 |    91 ||   214
    Use: Scroll            |     3 |     1 ||     4
         Potion            |       |     1 ||     1
 Armour: Robe              |    14 |       ||    14
         Ring mail         |    20 |    42 ||    62
  Dodge: Dodged            |    41 |    30 ||    71

Table legend:
 A = Non-vault XP
 B = Vault XP
 C = Vault XP percentage of total XP
 D = Non-vault monster count
 E = Vault monster count
 F = Vault count percentage of total count
                 A         B        C        D         E       F
            +---------+---------+-------+---------+---------+-------
      Total |     135 |       0 |   0.0 |      43 |       0 |   0.0
            +---------+---------+-------+---------+---------+-------
        D:1 |      58 |       0 |   0.0 |      25 |       0 |   0.0
        D:2 |      68 |       0 |   0.0 |      14 |       0 |   0.0
        D:3 |       9 |       0 |   0.0 |       4 |       0 |   0.0
            +---------+---------+-------+---------+---------+-------
